Map: Deathaura LE

Players

DPGCure (Cure)

  • Race: Terran Terran
  • League: Master
  • Spawn Location: 11:00

Maru - Winner!

  • Race: Terran Terran
  • Spawn Location: 5:00

Event: DreamHack SC2 Masters 2020 Summer Season Finals

VOD

Have the link to the VOD?

Description

Time

  • Played on: July 18, 2020, 1:36 p.m.
  • Length: 21:43

All games in this series

Show
View Real Time Build Order
Export as new Build Order

DPGCure Terran 

Build Orders: Reaper Expand 

Get SALT Encoding   

  12  0:00  SCV  
  13  0:12  SCV  
  14  0:17  Supply Depot  
  14  0:24  SCV  
  15  0:38  SCV  
  15  0:40  Barracks  
  15  0:42  Refinery  
  16  0:50  SCV  
  17  1:03  SCV  
  18  1:15  SCV  
  19  1:27  Orbital Command, Reaper  
  20  1:40  Command Center  
  20  1:46  Supply Depot  
  20  1:54  SCV  
  20  1:59  Marine  
  22  2:06  SCV  
  22  2:07  Factory  
  23  2:14  Refinery  
  23  2:18  SCV  
  23  2:20  Barracks Reactor  
  24  2:30  SCV  
  25  2:42  SCV  
  28  2:51  Hellion  
  28  2:52  Starport  
  28  2:53  Orbital Command  
  28  2:54  SCV  
  28  2:57  Marine x2  
  31  3:07  SCV  
  31  3:11  Refinery  
  31  3:12  Factory Tech Lab  
  32  3:15  Marine x2  
  32  3:19  SCV  
  34  3:27  SCV  
  34  3:30  Starport Tech Lab, Cyclone  
  34  3:31  SCV  
  34  3:33  Marine x2  
  41  3:38  Supply Depot  
  41  3:39  SCV  
  42  3:43  SCV  
  43  3:49  Raven  
  43  3:51  SCV  
  43  3:53  Supply Depot  
  46  4:00  Marine x2, SCV  
  49  4:04  SCV  
  49  4:05  Siege Tank  
  53  4:12  SCV  
  53  4:16  Supply Depot, SCV  
  55  4:25  Marine x2  
  55  4:27  SCV  
  55  4:28  SCV  
  59  4:32  Raven  
  61  4:40  SCV x2  
  59  4:49  Command Center  
  59  4:50  Marine x2  
  59  4:52  SCV x2  
  63  4:54  Siege Tank  
  66  5:04  Supply Depot, SCV x2  
  66  5:05  Supply Depot  
  68  5:09  Refinery  
  68  5:16  SCV x2  
  68  5:19  Barracks  
  70  5:26  Stimpack, Marine, Starport Reactor, Barracks  
  71  5:29  SCV x2  
  71  5:33  Siege Tank  
  76  5:43  Engineering Bay x2, SCV x2  
  76  5:44  Marine  
  79  5:53  Barracks  
  79  5:54  Barracks  
  79  5:59  SCV x2  
  79  6:01  Marine  
  82  6:05  Siege Tank  
  82  6:08  Marine x2  
  82  6:09  Orbital Command  
  87  6:13  Starport Reactor  
  87  6:15  Terran Infantry Weapons Level 1, Terran Infantry Armor Level 1  
  87  6:17  SCV x2  
  89  6:23  Marine x3  
  89  6:25  Orbital Command, Marine  
  91  6:26  Marine  
  91  6:29  SCV x2  
  95  6:33  Supply Depot  
  95  6:34  Supply Depot x2  
  98  6:40  Siege Tank  
  98  6:41  Barracks Reactor x2  
  98  6:42  Marine x3  
  98  6:44  Marine  
  101  6:54  Marine, SCV x3, Medivac x2  
  101  6:57  Supply Depot  
  101  6:58  Supply Depot  
  101  7:01  Marine x3  
  112  7:02  Marine  
  112  7:07  SCV x3  
  116  7:09  Armory  
  116  7:10  Combat Shield  
  116  7:12  Marine  
  116  7:13  Refinery  
  116  7:15  Refinery  
  117  7:20  Sensor Tower, Marine x5  
  122  7:23  Marine x3  
  122  7:29  SCV x2  
  128  7:30  Siege Tank, SCV  
  128  7:32  Medivac  
  133  7:37  Marine x3  
  133  7:38  Marine  
  133  7:41  Supply Depot  
  133  7:42  Marine x4  
  141  7:55  Supply Depot  
  141  7:56  Supply Depot  
  141  8:02  Marine x4  
  141  8:03  SCV x3  
  141  8:04  Supply Depot, Factory  
  148  8:16  Siege Tank, Medivac x2  
  148  8:19  Terran Infantry Weapons Level 2, Terran Infantry Armor Level 2  
  148  8:25  Marine x4  
  148  8:26  Marine x3  
  155  8:28  Terran Vehicle Weapons Level 1  
  155  8:43  Command Center  
  155  8:51  Sensor Tower  
  155  8:52  Barracks  
  155  8:55  Marine x6  
  155  8:56  Marine, Barracks Reactor  
  155  8:57  Siege Tank, Barracks  
  165  9:04  Barracks  
  165  9:05  SCV x3  
  165  9:09  Marine  
  168  9:11  Siege Tank  
  168  9:13  Marine  
  168  9:16  Supply Depot  
  173  9:18  Supply Depot  
  173  9:22  Supply Depot  
  173  9:37  Marine x4, Medivac x2  
  181  9:39  Marine x4  
  184  9:46  Sensor Tower  
  184  9:49  Marine x2, Missile Turret  
  184  9:51  Barracks Reactor  
  184  9:52  Barracks Reactor  
  186  9:53  Barracks Reactor  
  186  9:58  Missile Turret  
  186  10:00  Marine x6  
  192  10:09  Siege Tank x2, Medivac  
  200  10:17  Planetary Fortress  
  200  10:24  Terran Vehicle Weapons Level 2  
  200  10:32  Command Center  
  200  10:34  Marine x2  
  200  10:35  Marine x4  
  200  10:38  Marine x5  
  198  10:46  Terran Infantry Armor Level 3, Terran Infantry Weapons Level 3  
  198  10:51  Marine x2  
  200  11:30  Starport  
  200  11:31  Starport x2  
  200  11:35  Fusion Core  
  200  11:40  Refinery  
  200  11:41  Refinery, Command Center  
  200  11:44  Planetary Fortress  
  200  11:47  Command Center  
  200  11:49  Command Center  
  200  11:53  Sensor Tower  
  200  12:07  Siege Tank  
  200  12:13  Marine x2  
  200  12:14  Marine x3  
  199  12:25  Marine  
  199  12:26  Marine  
  199  12:29  Marine x8  
  197  12:30  Marine  
  200  12:46  Marine x2  
  200  12:56  Barracks Reactor x2  
  200  12:57  Marine  
  200  12:58  Starport Tech Lab x3  
  200  13:01  Orbital Command x2  
  200  13:08  Terran Vehicle Weapons Level 3  
  200  13:12  Marine  
  199  13:22  Marine  
  200  13:30  Sensor Tower  
  200  13:40  SCV x2  
  199  13:43  SCV  
  199  13:44  SCV x3  
  189  13:52  Planetary Fortress, SCV x2  
  189  13:53  Raven x3, Corvid Reactor  
  189  13:55  Marine x4, SCV  
  199  14:02  Viking x2  
  193  14:12  Marine x2  
  193  14:13  Marine x6  
  193  14:15  Barracks Reactor  
  199  14:24  SCV  
  199  14:28  Sensor Tower  
  199  14:37  Neosteel Armor  
  199  14:38  Hi-Sec Auto Tracking  
  199  14:39  SCV  
  199  14:43  Command Center  
  196  14:58  Marine x4  
  196  14:59  Marine x6  
  187  15:00  Siege Tank x2  
  187  15:04  Marine x5  
  156  15:08  Raven  
  141  15:17  SCV x5  
  141  15:18  SCV  
  141  15:19  SCV  
  141  15:21  Marine  
  149  15:26  Raven x2  
  153  15:29  Marine x3, SCV  
  153  15:34  Viking  
  159  15:38  Viking  
  161  15:43  Marine x5  
  161  15:46  SCV  
  161  15:47  SCV x3  
  161  15:49  SCV x2  
  172  15:55  Viking  
  174  15:59  SCV x2  
  174  16:00  SCV  
  174  16:01  SCV x2  
  174  16:02  SCV  
  180  16:04  Viking  
  180  16:06  Siege Tank  
  180  16:09  Siege Tank  
  186  16:17  Raven  
  188  16:18  Viking x2  
  188  16:25  Marine x3, Viking  
  196  16:34  Viking  
  195  16:48  Viking x2  
  195  16:53  Marine  
  200  17:06  Marine x2  
  200  17:07  Marine  
  194  17:20  Marine x2  
  194  17:21  Marine x6  
  163  17:29  Marine x6  
  133  17:34  Marine x2  
  117  17:37  Siege Tank x2  
  117  17:38  Raven x2, Marine x6, Viking x2  
  117  17:39  Viking  
  117  17:42  Marine x2  
  141  17:47  Marine x4  
  145  17:51  Marine x2  
  145  17:52  Marine x2  
  145  17:56  Marine x4  
  145  17:58  Marine x2  
  153  18:00  Marine x2  
  153  18:02  Sensor Tower  
  153  18:04  Command Center  
  153  18:05  Marine x2  
  159  18:06  Planetary Fortress  
  159  18:13  Siege Tank  
  159  18:14  Siege Tank  
  159  18:15  Marine x4  
  159  18:16  Marine x4  
  159  18:19  Raven, Viking x2  
  179  18:21  Raven x2  
  179  18:22  Marine x3  
  179  18:25  Marine  
  189  18:31  Marine  
  189  18:33  Marine  
  189  18:48  Viking  
  189  18:49  Viking  
  189  18:54  Marine x2  
  189  18:55  Marine x4  
  199  19:02  Raven  
  194  19:03  Raven  
  194  19:04  Viking  
  194  19:05  Marine x2  
  200  19:18  Unknown  
  200  19:19  Unknown  
  200  19:34  Raven  
  184  19:41  Marine x6  
  184  19:43  Viking x2  
  184  19:44  Raven  
  196  19:46  Marine x4  
  194  20:02  Marine x6  
  194  20:03  Marine x2  
  194  20:04  Planetary Fortress  
  200  20:15  Command Center  
  200  20:27  Raven, Marine x2  
  200  20:28  Marine x5  
  162  20:29  Marine x8  
  162  20:30  Siege Tank x2, Raven x2  
  162  20:31  Marine, Viking x2  
  148  20:45  Marine x4  
  148  20:46  Marine x5  
  148  20:47  Marine  
  148  20:48  Marine x4  
  162  21:01  Medivac x2  
  162  21:02  Siege Tank x2  
  171  21:05  Marine x4  
  171  21:06  Marine x4  
  169  21:13  Marine x2  
  169  21:14  Marine x2  
  167  21:21  Marine x2  
  165  21:32  Refinery  
  170  21:33  Refinery  
Show
View Real Time Build Order
Export as new Build Order

Maru Terran - Winner!

Build Orders:  

Get SALT Encoding   

  12  0:00  SCV  
  13  0:12  SCV  
  14  0:16  Supply Depot  
  14  0:24  SCV  
  15  0:38  SCV  
  15  0:39  Barracks  
  16  0:43  Refinery  
  16  0:50  SCV  
  16  0:53  Refinery  
  17  1:02  SCV  
  18  1:14  SCV  
  19  1:26  Orbital Command, Reaper  
  19  1:28  Supply Depot  
  20  1:41  Factory  
  20  1:52  SCV  
  21  1:59  Reaper  
  22  2:05  SCV  
  23  2:17  SCV  
  23  2:21  Command Center  
  24  2:28  Hellion  
  24  2:29  SCV  
  27  2:35  Supply Depot  
  27  2:38  Barracks Reactor  
  27  2:41  SCV  
  28  2:49  Starport  
  28  2:52  Factory Tech Lab  
  28  2:54  SCV  
  29  3:06  SCV  
  29  3:11  Siege Tank  
  33  3:14  Refinery  
  33  3:16  Marine x2  
  35  3:23  SCV  
  35  3:26  Medivac  
  38  3:34  Marine x2  
  38  3:35  SCV  
  38  3:39  Orbital Command  
  41  3:46  Cyclone  
  44  3:50  SCV  
  44  3:53  Marine  
  44  3:54  Marine  
  47  3:58  Starport Tech Lab  
  47  4:02  Supply Depot  
  47  4:04  SCV  
  47  4:06  SCV  
  49  4:11  Marine  
  49  4:12  Marine  
  49  4:16  Raven  
  53  4:24  SCV x2  
  55  4:36  Marine x2, SCV x2  
  55  4:37  Siege Tank  
  55  4:48  SCV x2  
  54  4:55  Command Center  
  54  5:00  SCV x2  
  54  5:03  Raven  
  56  5:11  Siege Tank  
  56  5:12  SCV  
  56  5:13  SCV  
  56  5:14  Supply Depot  
  61  5:15  Refinery  
  61  5:25  SCV  
  62  5:29  Barracks  
  62  5:30  Barracks  
  62  5:34  Supply Depot  
  63  5:35  SCV  
  63  5:37  SCV  
  63  5:46  Siege Tank, Engineering Bay  
  63  5:47  Engineering Bay, SCV  
  63  5:49  SCV  
  68  5:59  SCV, Viking x2  
  68  6:00  Stimpack  
  68  6:01  SCV  
  73  6:08  Orbital Command  
  73  6:12  SCV  
  73  6:13  SCV  
  73  6:14  Terran Infantry Weapons Level 1, Terran Infantry Armor Level 1  
  73  6:17  Barracks Reactor  
  73  6:18  Barracks Reactor  
  75  6:24  SCV  
  75  6:25  SCV  
  77  6:27  Siege Tank, Orbital Command, Supply Depot  
  79  6:36  SCV  
  79  6:37  Missile Turret, Viking  
  82  6:41  Viking  
  82  6:42  SCV  
  85  6:48  SCV  
  85  6:51  Barracks  
  85  6:54  SCV x2, Barracks  
  86  7:00  SCV  
  89  7:03  Marine  
  89  7:04  Supply Depot, Marine x4, Missile Turret  
  89  7:06  SCV x2  
  96  7:10  Supply Depot  
  96  7:12  SCV  
  96  7:13  Sensor Tower  
  97  7:18  SCV x2  
  97  7:19  Refinery  
  97  7:21  Armory  
  97  7:22  Refinery  
  99  7:24  Viking  
  99  7:25  Viking  
  99  7:27  Marine x5  
  108  7:35  Supply Depot  
  108  7:36  Supply Depot  
  111  7:37  Siege Tank  
  111  7:38  SCV x2  
  112  7:44  SCV  
  112  7:46  Barracks Reactor  
  112  7:47  Barracks Reactor  
  112  7:50  SCV  
  114  7:54  Combat Shield, Marine x3  
  114  7:55  Supply Depot  
  114  7:56  Marine  
  118  8:02  Supply Depot  
  118  8:06  Marine  
  118  8:07  Medivac  
  118  8:08  Medivac  
  118  8:12  Marine x3  
  126  8:19  Marine, Command Center  
  127  8:24  Supply Depot, Marine  
  128  8:28  Terran Infantry Weapons Level 2, Terran Infantry Armor Level 2  
  128  8:29  Terran Vehicle Weapons Level 1  
  128  8:32  Marine x2  
  128  8:33  Marine x3  
  133  8:41  SCV x2  
  135  8:42  SCV  
  135  8:45  Siege Tank  
  135  8:47  Medivac  
  135  8:48  Factory  
  141  8:50  Medivac  
  143  9:01  Marine x5  
  143  9:02  Marine x4  
  152  9:06  SCV x3  
  152  9:08  Supply Depot  
  155  9:19  Marine  
  155  9:20  Supply Depot x2  
  155  9:22  Supply Depot  
  156  9:28  Missile Turret  
  156  9:29  Siege Tank, Missile Turret  
  156  9:30  Barracks Reactor  
  159  9:31  Marine  
  159  9:32  Supply Depot, Marine x5  
  159  9:33  Supply Depot  
  162  9:42  Marine  
  163  9:46  Siege Tank  
  163  9:49  Marine  
  163  9:50  Marine x5  
  172  9:53  Marine  
  172  9:58  Missile Turret x2  
  173  10:00  Marine  
  173  10:04  Siege Tank  
  173  10:06  SCV  
  178  10:07  Marine x5  
  178  10:08  Marine  
  178  10:11  Marine, Planetary Fortress  
  185  10:16  Sensor Tower  
  185  10:17  Missile Turret  
  185  10:18  Siege Tank, Marine  
  189  10:24  Starport x2, Marine x2  
  189  10:25  Marine x4  
  189  10:27  Terran Vehicle Weapons Level 2  
  193  10:38  Marine x4  
  193  10:39  Siege Tank  
  193  10:41  Marine  
  193  10:42  Marine  
  195  10:43  Marine  
  195  10:44  Viking x2  
  199  10:57  Terran Infantry Armor Level 3, Terran Infantry Weapons Level 3  
  199  11:02  Refinery x2  
  199  11:07  Command Center  
  199  11:15  Missile Turret  
  197  11:31  Marine x3  
  200  11:45  Starport Tech Lab  
  200  11:46  Starport Tech Lab  
  200  11:51  Barracks  
  200  11:53  Barracks  
  200  11:55  Barracks  
  200  12:11  Marine  
  200  12:19  Corvid Reactor  
  196  12:24  Marine x5  
  190  12:31  Marine  
  190  12:32  Marine x4  
  190  12:33  Raven x2  
  198  12:42  Marine x2, Viking x2  
  176  12:54  Marine  
  176  12:55  Siege Tank x2, Marine x7  
  176  12:56  Barracks Reactor  
  176  12:57  Barracks Reactor x2  
  183  13:00  Command Center  
  183  13:05  Marine x2  
  184  13:09  Command Center  
  184  13:12  Marine x4, Medivac x2  
  190  13:13  Marine x2  
  190  13:15  Raven  
  190  13:16  Raven, Marine  
  200  13:44  Siege Tank, Marine  
  200  13:46  Marine  
  200  13:47  Hi-Sec Auto Tracking, Neosteel Armor  
  196  13:48  Terran Vehicle Weapons Level 3  
  196  13:55  Marine x3  
  197  13:58  Raven x2  
  199  14:14  Marine x7  
  199  14:16  Orbital Command  
  200  14:23  Fusion Core  
  200  14:29  Orbital Command  
  200  14:37  Missile Turret  
  200  14:59  Marine x2  
  181  15:00  Marine x2  
  181  15:02  Siege Tank x2, Marine x7  
  181  15:06  Raven x2, Viking x2  
  188  15:09  Marine x4  
  192  15:17  Weapon Refit  
  192  15:23  Starport, Planetary Fortress  
  192  15:24  Armory  
  192  15:25  Starport  
  192  15:27  Marine x7  
  199  15:37  Sensor Tower, Missile Turret  
  199  15:38  Missile Turret x3  
  199  15:44  Missile Turret  
  199  15:46  Marine  
  200  16:01  Refinery x2  
  200  16:07  Command Center  
  200  16:09  Command Center  
  200  16:14  Starport Tech Lab x2  
  200  16:15  Terran Ship Weapons Level 1  
  200  16:25  Terran Vehicle And Ship Armor Level 1  
  195  16:32  Marine  
  195  16:36  Raven x2  
  198  16:54  Marine  
  198  16:55  Marine  
  198  16:57  Advanced Ballistics  
  193  17:22  Battlecruiser x2  
  199  17:23  Battlecruiser  
  199  17:29  Battlecruiser, Viking x2  
  179  17:32  Marine x6  
  179  17:34  Siege Tank x2  
  179  17:35  Marine  
  180  17:39  Marine  
  181  17:45  Marine  
  181  17:46  Orbital Command, Marine x4  
  186  18:01  Unknown  
  186  18:02  Planetary Fortress  
  186  18:05  Unknown  
  186  18:07  Sensor Tower  
  186  18:16  Rapid Reignition System  
  186  18:26  Battlecruiser  
  186  18:27  Battlecruiser  
  198  18:29  Command Center  
  198  18:36  Terran Ship Weapons Level 2, Terran Vehicle And Ship Armor Level 2  
  198  18:39  Missile Turret  
  194  18:59  Missile Turret  
  185  19:04  Battlecruiser  
  191  19:12  Missile Turret  
  191  19:13  Missile Turret  
  191  19:16  Battlecruiser  
  197  19:20  Siege Tank  
  200  19:25  Command Center  
  200  19:36  Siege Tank  
  186  19:41  Marine x3  
  186  19:42  Marine x7  
  186  19:44  Battlecruiser x2  
  196  19:49  Orbital Command  
  196  19:52  Siege Tank  
  199  20:08  Planetary Fortress  
  199  20:18  Marine  
  188  20:29  Battlecruiser  
  188  20:30  Marine x3, Battlecruiser  
  179  20:37  Viking  
  179  20:38  Viking  
  179  20:40  Siege Tank, Marine x8  
  200  20:51  Missile Turret  
  192  21:06  Marine  
  192  21:07  Marine x5  
  195  21:15  Command Center  
Tags
 
Add a new tag
Caveats
  • Supply blocks, unpowered buildings, or Contaminate may cause inaccurate times.
  • Supply counts are checked every 10 seconds.